 Dungeon Crawl Stone Soup version 0.30-a0-4-ga7cffc901d (webtiles) character file.

Game seed: 8930417912927554845

5004 runemasterragnar the Changer (level 10, 0/82 (84) HPs)
             Began as a Red Draconian Transmuter on Aug 21, 2022.
             Was a Believer of Vehumet.
             Killed by divine providence
             ... invoked by an orc priest
              (14 damage)
             ... on level 9 of the Dungeon.
             The game lasted 00:23:04 (9884 turns).

runemasterragnar the Changer (DrTm)                 Turns: 9884, Time: 00:23:05

HP:   0/82 (84)     AC:  8    Str: 26    XL:     10   Next: 29%
MP:   18/18         EV: 13    Int: 17    God:    Vehumet [**....]
Gold: 256           SH:  0    Dex: 11    Spells: 3/20 levels left

rFire   + . .      SeeInvis .      - Unarmed
rCold   . . .      Faith    .    (no shield)
rNeg    . . .      Spirit   .    (body armour unavailable)
rPois   .          Reflect  .    (helmet restricted)
rElec   .          Harm     .    l - +0 cloak
rCorr   .          Rampage  .    (no gloves)
Will    .....                    (no boots)
Stlth   +.........               (no amulet)
HPRegen 0.23/turn                s - +6 ring of strength
MPRegen 0.16/turn                A - +6 ring of strength

@: wereblooded, hasted, lightly drained, very quick
A: breathe fire, AC +7, unfitting armour, fire resistance 1, cold-blooded
a: Breathe Fire, Renounce Religion


You were on level 9 of the Dungeon.
You worshipped Vehumet.
Vehumet was pleased with you.
You visited 2 branches of the dungeon, and saw 10 of its levels.
You also visited: Sewer.

You collected 542 gold pieces.
You spent 286 gold pieces at shops.

Inventory:

Hand Weapons
 e - a +1 spear of flaming
Missiles
 J - a throwing net
Armour
 l - a +0 cloak (worn)
 y - a +0 cloak
Jewellery
 p - the ring "Itrugogo" {rF+ Int-3 SInv Stlth+}
   (You took it off an orc on level 5 of the Dungeon)

   [ring of protection from fire]

   Int:       It affects your intelligence (-3).
   rF:        It protects you from fire.
   SInv:      It lets you see invisible.
   Stlth:     It makes you more stealthy.
 s - a +6 ring of strength (left hand)
 A - a +6 ring of strength (right hand)
 B - a ring of see invisible
 F - a ring of willpower
 G - a ring of magical power
 I - a +4 ring of evasion
Wands
 r - a wand of flame (8)
 t - a wand of charming (7)
Scrolls
 c - a scroll of acquirement {unknown}
 f - 3 scrolls of fog
 h - 2 scrolls of amnesia
 j - 2 scrolls of noise {unknown}
 o - 2 scrolls of vulnerability {unknown}
 q - 2 scrolls of identify
 w - a scroll of enchant weapon {unknown}
 x - a scroll of fear
 C - 2 scrolls of enchant armour {unknown}
 D - a scroll of magic mapping {unknown}
 E - 2 scrolls of blinking
Potions
 a - 5 potions of lignification
 b - a potion of resistance
 d - 2 potions of degeneration
 g - a potion of cancellation
 i - 2 potions of brilliance
 k - 2 potions of invisibility
 u - a potion of ambrosia
 v - a potion of heal wounds
 z - 2 potions of curing
 H - a potion of magic


   Skills:
 + Level 6.6 Fighting
 - Level 4.8 Dodging
 + Level 6.7 Unarmed Combat
 + Level 5.9 Spellcasting
 + Level 3.1 Conjurations
 - Level 7.5 Transmutations
 * Level 5.5 Fire Magic
 + Level 2.9 Poison Magic


You had 3 spell levels left.
You knew the following spells:

 Your Spells              Type           Power      Damage    Failure   Level
a - Beastly Appendage     Tmut           60%        N/A       1%          1
b - Wereblood             Tmut           30%        N/A       1%          2
c - Spider Form           Tmut/Pois      22%        N/A       4%          3
d - Sticky Flame          Conj/Fire      19%        2d4       22%         4
e - Ignite Poison         Fire/Tmut/Pois 23%        N/A       4%          3
f - Stone Arrow           Conj/Erth      20%        3d8       21%         3
g - Foxfire               Conj/Fire      76%        2x1d7     2%          1

Your spell library contained the following spells:

 Spells                   Type           Power      Damage    Failure   Level
 Inner Flame              Hex/Fire       14%        N/A       12%         3
 Sting                    Tmut/Pois      88%        1d7       1%          1
 Magic Dart               Conj           60%        1d6       3%          1
 Passwall                 Tmut/Erth      14%        N/A       4%          2
 Searing Ray              Conj           30%        2d5       5%          2
 Conjure Flame            Conj/Fire      19%        6-21      6%          3
 Shock                    Conj/Air       40%        1d5       7%          1
 Poisonous Vapours        Pois/Air       20%        N/A       11%         2
 Apportation              Tloc           10%        N/A       13%         1
 Necrotise                Necr           20%        1d5       13%         1
 Sandblast                Erth           10%        2d5       13%         1
 Summon Small Mammal      Summ           20%        N/A       13%         1
 Gell's Gravitas          Tloc           5%         N/A       36%         3
 Lesser Beckoning         Tloc           5%         N/A       36%         3
 Swiftness                Air            5%         N/A       36%         3
 Teleport Other           Tloc           5%         N/A       36%         3
 Ice Form                 Ice/Tmut       17%        N/A       26%         4
 Olgreb's Toxic Radiance  Pois           15%        N/A       36%         4
 Fulminant Prism          Conj/Hex       5%         3d7       56%         4
 Airstrike                Air            2%         2d(1-17)  78%         4
 Dispersal                Tloc           2%         N/A       100%        6


Dungeon Overview and Level Annotations

Branches:
Dungeon (9/15)             Temple (1/1) D:4           Sewer (visited)
   Lair: D:8-11         Orc: D:9-12

Altars:
Ashenzari
Cheibriados
Dithmenos
Elyvilon
Fedhas
Gozag
Hepliaklqana
Kikubaaqudgha
Makhleb
Nemelex Xobeh
Okawaru
Qazlal
Ru
Sif Muna
Trog
Uskayaw
Vehumet
Wu Jian
Yredelemnul
Zin
The Shining One

Shops:
D:4 :   D:7 *


Innate Abilities, Weirdness & Mutations

You can breathe blasts of fire.
Your fiery red scales are hard. (AC +7)
You cannot fit into any form of body armour.
Your flesh is heat resistant. (rF+)
You are cold-blooded and may be slowed by cold attacks.


Message History

The orc warrior resists with some effort.
The killer bee stings your killer bee.
Your killer bee is poisoned.
The killer bee poisons your killer bee! The orc warrior completely misses you.
Unknown command.
Okay, then.
What are your orders? t - Creak!
Orders for allies: a - Attack new target. p - Attack previous target. r - Retreat! s - Stop attacking. g - Guard the area. f - Follow me.
Anything else - Cancel.
Gang up on whom?
Press: ? - help, Dir - move target, f/p - orc warrior
Aim: an orc warrior, wielding a +0 halberd and wearing a +0 chain mail (ally target) Attack!
The killer bee closely misses your killer bee.
Unknown command.
The killer bee closely misses your killer bee.
Your wight misses the orc warrior. The orc warrior completely misses you.
The killer bee stings your killer bee!
Your killer bee dies!
Aiming: Charm
Press: ? - help, Shift-Dir - straight line, f - killer bee, p - orc warrior
Aim: a killer bee (chance to affect: 57%)
The killer bee is charmed.
Your wight hits the orc warrior with a +5 short sword.
The orc warrior hits you but does no damage.
Unknown command.
You creak as the wereblood boils in your veins!
You feel less wooden.
Your +0 cloak unmelds from your body.
Unknown command.
The orc priest drinks a potion.
The orc priest suddenly seems more resistant.
Your wight hits the orc warrior with a +5 short sword.
An orc wizard comes into view. It is wielding a +0 dagger.
The orc priest invokes the aid of Beogh against you.
Beogh smites you!
You die...

##.# ..### #.......♣♣ #..#
.###....#))..PP♣# #.## .#
#.#.##<#.....# #.# .#
#.#.#.)).....# #.### .#
#.#.#.#..PPPP#
#######.#.##.#
#.#.......♣P♣#
#....).....#.#
#.###.##.PP♣♣
#.#####......# #.# #$#
).♣P♣ #....### #@#
#.##..PP♣
#...######y###........
#..........z†...)....!
#####..######o###$.......
#.............z.#.).......
#...........o#o......=...♣
#.####.......o.......z.PPP
# ##.###...#.##.##?..♣P
#.# #...#.##y#


#.PPP You could see an orc warrior (ally target), a wight, an orc priest
(resistant), an orc wizard, a friendly killer bee (charmed) and a friendly wight
(charmed).

Vanquished Creatures
  Prince Ribbit (D:5)
  Grinder (D:5)
  A hornet (D:8)
  Sigmund (D:3)
  A yak (D:5)
  A steam dragon (D:8)
  Menkaure (D:5)
  2 water moccasins
  An ice beast (D:7)
  Pargi (Sewer)
  A sky beast (D:7)
  2 orc warriors (D:8)
  A black bear (D:5)
  2 ogres
  2 centaurs
  A phantom (D:6)
  3 kobold brigands
  2 bullfrogs
  A gnoll sergeant (D:9)
  6 scorpions
  9 wights
  12 killer bees (D:9)
  6 howler monkeys
  2 hounds
  2 centaur zombies (D:7)
  Crazy Yiuf (D:5)
  3 jellies
  An orc priest (D:8)
  2 iguanas (D:5)
  4 orc wizards
  9 gnolls
  9 adders
  A shadow imp (D:7)
  An adder zombie (D:3)
  2 adder skeletons (D:3)
  2 worms
  2 dart slugs
  23 orcs
  3 bats
  11 endoplasms
  7 giant cockroaches
  9 goblins
  5 hobgoblins
  4 quokkas
  7 ball pythons
  A ball python zombie (D:3)
  10 frilled lizards
  12 kobolds
  2 quokka zombies (D:3)
  A rat (D:1)
195 creatures vanquished.

Vanquished Creatures (others)
  A killer bee (D:9)
  4 plants (D:9)
5 creatures vanquished.

Grand Total: 200 creatures vanquished

Notes
Turn   | Place    | Note
-------+----------+-------------------------------------------
     0 | D:1      | runemasterragnar the Draconian Transmuter began the quest
                  | for the Orb.
     0 | D:1      | Reached XP level 1. HP: 16/16 MP: 3/3
   255 | D:1      | Reached XP level 2. HP: 18/23 MP: 5/5
   519 | D:1      | Learned a level 2 spell: Wereblood
   848 | D:1      | Found a faded altar of an unknown god.
   909 | D:1      | Reached XP level 3. HP: 26/28 MP: 4/6
  1861 | D:3      | Reached skill level 3 in Transmutations
  1873 | D:3      | Reached XP level 4. HP: 27/36 MP: 5/7
  2518 | D:3      | Noticed Sigmund
  2558 | D:3      | Learned a level 3 spell: Spider Form
  2579 | D:3      | Killed Sigmund
  2580 | D:3      | Reached XP level 5. HP: 25/42 MP: 4/9
  2859 | D:4      | Noticed an ogre
  2866 | D:4      | Killed an ogre
  2867 | D:4      | Reached skill level 4 in Transmutations
  2867 | D:4      | Reached XP level 6. HP: 50/50 MP: 6/10
  2880 | D:4      | Found a glowing drain.
  2909 | Sewer    | Entered a sewer
  3056 | Sewer    | Noticed Pargi
  3068 | Sewer    | Killed Pargi
  3168 | D:4      | Found a staircase to the Ecumenical Temple.
  3321 | D:4      | Found Feypnupt's Book Boutique.
  3354 | D:4      | Your scales start taking on a fiery red colour.
  3354 | D:4      | Reached XP level 7. HP: 57/57 MP: 8/12
  3354 | D:4      | Gained mutation: Your flesh is heat resistant. (rF+) [Red
                  | Draconian growth]
  3399 | D:4      | Reached skill level 5 in Transmutations
  4115 | Temple   | Entered the Ecumenical Temple
  4212 | Temple   | Became a worshipper of Vehumet
  4299 | D:5      | Entered Level 5 of the Dungeon
  4300 | D:5      | Noticed Grinder
  4314 | D:5      | Killed Grinder
  4448 | D:5      | Noticed Prince Ribbit
  4462 | D:5      | Killed Prince Ribbit
  4463 | D:5      | Reached XP level 8. HP: 52/66 MP: 10/14
  4478 | D:5      | Noticed Menkaure
  4495 | D:5      | Reached skill level 6 in Transmutations
  4499 | D:5      | Reached skill level 5 in Unarmed Combat
  4505 | D:5      | Killed Menkaure
  4520 | D:5      | HP: 5/100 [gnoll/+0 flail (6)]
  4524 | D:5      | HP: 2/100 [scorpion (3)]
  4883 | D:5      | Reached skill level 5 in Fighting
  4883 | D:5      | Reached skill level 7 in Transmutations
  4901 | D:5      | Identified the ring "Itrugogo" {rF+ Int-3 SInv Stlth+}
  4908 | D:5      | Reached * piety under Vehumet
  4908 | D:5      | Offered knowledge of Freeze by Vehumet.
  4920 | D:5      | Reached XP level 9. HP: 53/74 MP: 11/16
  5449 | D:5      | Reached skill level 5 in Spellcasting
  5737 | D:5      | Found a runed translucent door.
  5738 | D:5      | Noticed Crazy Yiuf
  5752 | D:5      | Killed Crazy Yiuf
  5942 | D:6      | Identified the +3 leather armour of Defence {rElec MP-9
                  | Int+4 Dex+3}
  5998 | D:6      | Found an iron altar of Okawaru.
  6131 | D:4      | Bought an Everburning Encyclopedia for 286 gold pieces
  6136 | D:4      | Learned a level 4 spell: Sticky Flame
  6140 | D:4      | Learned a level 3 spell: Ignite Poison
  6389 | D:6      | Reached skill level 1 in Fire Magic
  6646 | D:6      | Learned a level 3 spell: Stone Arrow
  6892 | D:7      | Found Gozag's Platinum Reserve.
  6892 | D:7      | Found an opulent altar of Gozag.
  6913 | D:7      | Reached skill level 1 in Conjurations
  6913 | D:7      | Reached skill level 1 in Poison Magic
  7971 | D:7      | Found a basalt altar of Yredelemnul.
  8009 | D:8      | Found a stormy altar of Qazlal.
  8053 | D:8      | Offered knowledge of Foxfire by Vehumet.
  8054 | D:8      | Reached ** piety under Vehumet
  8170 | D:8      | Reached XP level 10. HP: 83/83 MP: 10/18
  8562 | D:8      | Learned a level 1 spell: Foxfire
  8820 | D:8      | Identified the +3 ring mail "Zateog" {rF++}
  9403 | D:9      | Reached skill level 5 in Fire Magic
  9520 | D:9      | Offered knowledge of Inner Flame by Vehumet.
  9865 | D:9      | HP: 6/123 [wight/+5 short sword (3)]
  9884 | D:9      | Killed from afar by an orc priest

Illustrated notes

Levels and vault maps discovered:
D:1:      scummos_arrival_simple_crosswalls, layout_basic,
          hellmonk_ecumenical_altar_heavens_door
D:2:      layout_basic
D:3:      layout_basic, serial_undead, serial_undead_c, serial_undead_a,
          serial_undead_e, serial_undead_f, minmay_fractal_squares_gapless_5,
          uniq_sigmund
D:4:      layout_layer_cave, minmay_temple_entry_statues_fountains,
          portal_sewer_entry_f, serial_shops, shop_fountains,
          minmay_misc_feat_tower, due_unseen_surprise
D:5:      cheibrodos_fzero, layout_loops_ring, uniq_crazy_yiuf_cottage,
          uniq_prince_ribbit1, uniq_menkaure, uniq_grinder
D:6:      layout_loops_ring, lemuel_doored_altar
D:7:      layout_basic, nicolae_gozag_zags_fifth_avenue,
          lemuel_zombie_altar_yredelemnul
D:8:      layout_loops_ring, old_standard_altar, serial_rivers,
          chequers_serial_rivers_room_a, chequers_serial_rivers_room_b,
          chequers_serial_rivers_small_a, chequers_serial_rivers_room_a,
          chequers_serial_rivers_large_b, special_room [special_room_orc],
          st_stairs_7, kennysheep_generic_room_8
D:9:      kennysheep_housing_project, layout_loops_ring, kennysheep_little_box,
          minmay_guarded_unrand_resistance, uniq_erolcha
Temple:   minmay_temple_bridge_d

Skill      XL: |  1  2  3  4  5  6  7  8  9 10 |
---------------+-------------------------------+-----
Dodging        | 2 3 4 |  4.8
Transmutations | 3 4 5 7 |  7.5
Fighting       | 2 3 4 5 6 |  6.6
Spellcasting   | 3 4 5 |  5.9
Unarmed Combat | 4 5 6 |  6.7
Fire Magic     | 4 5 |  5.5
Conjurations   | 2 3 |  3.1
Poison Magic   | 2 |  2.9

Action                   |  1- 3 |  4- 6 |  7- 9 | 10-12 || total
-------------------------+-------+-------+-------+-------++-------
Melee: Unarmed           |    42 |    32 |    79 |    41 ||   194
       Headbutt          |     9 |     2 |    21 |     5 ||    37
       Kick              |    18 |     6 |    30 |    13 ||    67
       Tailslap          |     6 |     3 |    18 |     4 ||    31
       Spear             |    64 |    45 |   156 |    34 ||   299
       Punch             |       |     1 |     4 |       ||     5
 Cast: Beastly Appendage |    30 |    14 |    25 |     5 ||    74
       Spider Form       |       |     5 |     8 |     1 ||    14
       Wereblood         |       |     1 |     9 |     3 ||    13
       Stone Arrow       |       |       |     7 |     2 ||     9
       Sticky Flame      |       |       |     1 |     2 ||     3
 Abil: Breathe Fire      |       |       |    17 |     5 ||    22
Evoke: Wand              |       |       |     7 |    11 ||    18
  Use: Scroll            |       |     6 |       |     3 ||     9
       Potion            |       |       |     8 |     5 ||    13
 Stab: Sleeping          |     2 |       |       |       ||     2
       Invisible         |       |       |     3 |       ||     3
Armor: Skin              |    29 |    21 |   153 |    82 ||   285
Dodge: Dodged            |    40 |    57 |   137 |    74 ||   308

Table legend: (Time is in decaauts)
 A = Elapsed time spent in this place.
 B = Non-inter-level travel time spent in this place.
 C = Inter-level travel time spent in this place.
 D = Time resting spent in this place.
 E = Time spent auto-exploring this place.
 F = Levels seen in this place.
 G = Mean time per level.
                   A        B        C        D        E       F      G
               +--------+--------+--------+--------+--------+-----+--------+
         Total |   9982 |   9515 |    467 |    306 |   7728 |  11 |  907.5 |
       Dungeon |   9525 |   9141 |    384 |    306 |   7481 |   9 | 1058.3 |
        Temple |    168 |     86 |     82 |      0 |     73 |   1 |  168.0 |
         Sewer |    288 |    288 |      0 |      0 |    174 |   1 |  288.0 |
               +--------+--------+--------+--------+--------+-----+--------+

Top non-repeatable levels by time:
     D:4: 1488 daAuts
     D:5: 1254 daAuts
     D:8: 1247 daAuts
     D:7: 1198 daAuts
     D:1: 1057 daAuts
     D:3: 943 daAuts
     D:6: 868 daAuts
     D:2: 777 daAuts
     D:9: 690 daAuts
   Sewer: 288 daAuts
  Temple: 168 daAuts
